 Dungeon Crawl Stone Soup version 0.28.0-53-g5a82cb258f (webtiles) character file.

Game seed: 7272302127390991435

148 concernfroge the Conjurer (level 5, -3/28 HPs)
             Began as a Deep Elf Conjurer on July 10, 2022.
             Killed by an exploding goblin (24 damage)
             ... ignited by their inner flame
             ... on level 3 of the Dungeon.
             The game lasted 00:10:42 (2533 turns).

concernfroge the Conjurer (Deep Elf Conjurer)       Turns: 2533, Time: 00:10:44

Health: -3/28      AC:  2    Str: 10    XL:     5   Next: 8%
Magic:  10/14      EV: 16    Int: 25    God:
Gold:   49         SH:  5    Dex: 13    Spells: 4/14 levels left

rFire   . . .      SeeInvis .   (no weapon)
rCold   . . .      Faith    .   (no shield)
rNeg    . . .      Spirit   .   a - +0 robe
rPois   .          Reflect  +   (no helmet)
rElec   .          Harm     .   (no cloak)
rCorr   .          Rampage  .   (no gloves)
Will    .....                   (no boots)
Stlth   ++........              d - amulet of reflection
HPRegen 0.09/turn               c - +4 ring of evasion
MPRegen 0.14/turn               j - +6 ring of strength

@: about to teleport
A: no striking features
a: no special abilities


You were on level 3 of the Dungeon.
You visited 1 branch of the dungeon, and saw 3 of its levels.

You collected 49 gold pieces.

Inventory:

Armour
 a - a +0 robe (worn)
Jewellery
 c - a +4 ring of evasion (left hand)
 d - an amulet of reflection (around neck)
 e - a +4 ring of protection
 j - a +6 ring of strength (right hand)
Scrolls
 h - a scroll of immolation
 i - a scroll of noise
Potions
 b - a potion of haste
 g - a potion of magic


   Skills:
 - Level 2.4 Dodging
 - Level 2.4 Stealth
 + Level 5.0 Spellcasting
 + Level 5.6 Conjurations
 + Level 2.5 Hexes


You had 4 spell levels left.
You knew the following spells:

 Your Spells              Type           Power      Damage    Failure   Level
a - Magic Dart            Conj           100%       1d8       1%          1
b - Searing Ray           Conj           68%        2d6       1%          2
c - Dazzling Flash        Conj/Hex       52%        N/A       4%          3
d - Fulminant Prism       Conj/Hex       13%        3d9       16%         4

Your spell library contained the following spells:

 Spells                   Type           Power      Damage    Failure   Level
 Beastly Appendage        Tmut           12%        N/A       9%          1
 Corpse Rot               Necr/Air       12%        N/A       12%         2
 Poisonous Vapours        Pois/Air       12%        N/A       12%         2
 Wereblood                Tmut           6%         N/A       12%         2
 Spider Form              Tmut/Pois      6%         N/A       24%         3
 Iskenderun's Mystic Bla  Conj/Tloc      20%        2d6       26%         4


Dungeon Overview and Level Annotations

Branches:
Dungeon (3/15)

Altars:
Elyvilon
Trog

Shops:
D:1 (!?=   D:2 (

Annotations:
D:3 Grinder, Robin


Message History

A giant cockroach comes into view.
Robin throws the goblin at you!
A goblin comes into view. It is wielding a +0 club.
The goblin shouts! x2
Found 8 gold pieces and a hunting sling.
There is a stone staircase leading up here.
Casting: Searing Ray (safe; 1% risk of failure)
Confirm with . or Enter, or press ? or * to list all spells.
The spell is extremely dangerous to miscast (16% risk of failure)!
Continue anyway?
Aiming: Fulminant Prism (extremely dangerous; 16% risk of failure)
Press: ? - help, Dir - move target You conjure a prism of explosive energy!
The goblin shouts! x2
A fulminant prism comes into view.
You hear a shout! x2
A goblin comes into view. It is wielding a +0 dagger.
Robin throws the goblin at you! The goblin closely misses you.
As you read the scroll labelled JOUBIZ WODWIE, it crumbles to dust.
You feel strangely unstable.
It was a scroll of teleportation.
You block the goblin's attack.
The goblin hits your fulminant prism but does no damage.
A goblin comes into view. It is wielding a +0 dagger.
The goblin hits you but does no damage. The goblin hits you with a +0 club.
Your fulminant prism crackles loudly.
Okay, then.
Really read the scroll of immolation?
As you read the scroll of immolation, it crumbles to dust.
The creatures around you are filled with an inner flame!
The goblin misses you.
The goblin hits your fulminant prism but does no damage.
Your fulminant prism explodes!
The blast of energy engulfs the goblin! x2
The blast of energy engulfs the goblin!! x5
The blast of energy engulfs the giant cockroach!
The giant cockroach explodes!
The fiery explosion engulfs the hobgoblin!!
The hobgoblin explodes!
The goblin explodes!
The fiery explosion engulfs you!!
Ouch! That really hurt!
You die...

##.........
#....).....
#......g...
#........g.
#.....)).g.
#..§§§.....
#...)§§§§g.
#.@§§§§§..
##g..§§#..
#######


You could see Robin (inner flame) and 4 goblins.

Vanquished Creatures
  An orc priest (D:3)
  5 gnolls
  2 adders
  An adder skeleton (D:2)
  2 worms
  2 dart slugs
  5 orcs (D:3)
  3 endoplasms
  2 giant cockroaches (D:3)
  11 goblins
  3 hobgoblins
  4 jackals
  2 kobolds
  2 quokkas
  2 ball pythons
  3 bats
  3 frilled lizards
53 creatures vanquished.

Vanquished Creatures (others)
  3 fulminant prisms (D:3)
3 creatures vanquished.

Grand Total: 56 creatures vanquished

Notes
Turn   | Place    | Note
-------+----------+-------------------------------------------
     0 | D:1      | concernfroge the Deep Elf Conjurer began the quest for the
                  | Orb.
     0 | D:1      | Reached XP level 1. HP: 10/10 MP: 6/6
    39 | D:1      | Found Kufajum's Magic Scroll Shop.
   110 | D:1      | Found Suerom's Distillery.
   134 | D:1      | Reached XP level 2. HP: 15/15 MP: 0/8
   137 | D:1      | Learned a level 2 spell: Searing Ray
   212 | D:1      | Found Foguguu's Antique Weapon Shop.
   558 | D:1      | Found a faded altar of an unknown god.
   648 | D:1      | Found Weahaak's Jewellery Shop.
   998 | D:2      | Reached skill level 5 in Conjurations
   998 | D:2      | Reached XP level 3. HP: 9/19 MP: 4/10
  1002 | D:2      | Learned a level 3 spell: Dazzling Flash
  1360 | D:2      | Found a bloodstained altar of Trog.
  1587 | D:2      | Found Efuinkydd's Antique Weapon Shop.
  1669 | D:2      | Reached skill level 1 in Hexes
  2009 | D:3      | Found a white marble altar of Elyvilon.
  2013 | D:3      | Reached XP level 4. HP: 24/24 MP: 8/12
  2020 | D:3      | Learned a level 4 spell: Fulminant Prism
  2307 | D:3      | Noticed Grinder
  2409 | D:3      | Reached skill level 5 in Spellcasting
  2410 | D:3      | Reached XP level 5. HP: 22/28 MP: 2/14
  2530 | D:3      | Noticed Robin
  2533 | D:3      | Killed by an exploding goblin... ignited by their inner
                  | flame

Illustrated notes

Levels and vault maps discovered:
D:1:      minmay_arrival_checkered_box, layout_basic,
          hellmonk_ecumenical_altar_blasted, serial_shops, shop,
          nicolae_shop_trees, shop, shop_fountains
D:2:      layout_loops_ring, basic_altar, serial_shops, nicolae_lakefront_shop
D:3:      layout_rooms, elyvilon_altar_3, gammafunk_ghost_split,
          minmay_misc_feat_rugged, uniq_grinder, uniq_robin

Skill      XL: |  1  2  3  4 |
---------------+-------------+-----
Spellcasting   | 4 5 |  5.0
Conjurations   | 5 |  5.6
Hexes          | 1 2 |  2.5
Dodging        | |  2.4
Stealth        | |  2.4

Action                   |  1- 3 |  4- 6 || total
-------------------------+-------+-------++-------
 Cast: Magic Dart        |    71 |    24 ||    95
       Searing Ray       |     1 |     3 ||     4
       Fulminant Prism   |       |     3 ||     3
  Use: Potion            |     5 |     1 ||     6
       Scroll            |     1 |     2 ||     3
Armor: Robe              |       |     1 ||     1
Dodge: Dodged            |     4 |     9 ||    13
Block: Other             |     1 |     5 ||     6
       Reflection        |       |     2 ||     2
